 Dungeon Crawl Stone Soup version 0.29-a0-359-g541a27f54d (webtiles) character file.

Game seed: 10919989336303882521

140 spiderkeys the Skirmisher (level 5, -5/46 HPs)
             Began as a Ghoul Abyssal Knight on Apr 28, 2022.
             Was a Priest of Lugonu.
             Slain by a gnoll
             ... wielding a +0 whip
              (6 damage)
             ... on level 3 of the Dungeon.
             The game lasted 00:02:25 (2306 turns).

spiderkeys the Skirmisher (Ghoul Abyssal Knight)    Turns: 2306, Time: 00:02:26

Health: -5/46      AC:  4    Str: 18 (19) XL:     5   Next: 22%
Magic:  3/6        EV: 11    Int:  5      God:    Lugonu [***...]
Gold:   160        SH:  0    Dex:  7 (9)  Spells: 4/4 levels left

rFire   . . .      SeeInvis .   a - +1 hand axe
rCold   + . .      Faith    .   (no shield)
rNeg    + + +      Spirit   .   b - +0 leather armour
rPois   ∞          Reflect  .   (no helmet)
rElec   .          Harm     .   p - +0 cloak
rCorr   .          Rampage  .   (no gloves)
Will    .....                   (no boots)
Stlth   +.........              s - amulet of magic regeneration
HPRegen 0.00/turn               (no ring)
MPRegen 0.50/turn               (no ring)

@: lit by a corona, flying, inhibited regen, glowing
A: claws 1, cold resistance 1, negative energy resistance 3, inhibited
regeneration, torment resistance 2, devour on kill
a: Renounce Religion, Depart the Abyss, Bend Space, Banish


You were on level 3 of the Dungeon.
You worshipped Lugonu.
Lugonu was most pleased with you.
You visited 1 branch of the dungeon, and saw 3 of its levels.
You visited the Abyss 1 time.

You collected 160 gold pieces.


Innate Abilities, Weirdness & Mutations

You are immune to poison.
You have sharp fingernails.
Your flesh is cold resistant. (rC+)
You are immune to negative energy. (rN+++)
You do not regenerate when monsters are visible.
You are immune to unholy pain and torment.
You thrive by killing the living.


   Skills:
 + Level 4.2 Fighting
 + Level 2.8 Axes
 + Level 2.8 Armour
 - Level 1.0 Dodging
 + Level 3.2 Invocations


You had 4 spell levels left.
You didn't know any spells.
Your spell library contained the following spells:

 Spells                   Type           Power      Damage    Failure   Level
 Stone Arrow              Conj/Erth      0%         3d7       88%         3
 Animate Armour           Summ/Erth      0%         N/A       99%         4
 Lehudib's Crystal Spear  Conj/Erth      0%         10d2      100%        8

Inventory:

Hand Weapons
 a - a +1 hand axe (weapon)
Missiles
 c - 3 datura-tipped darts
 d - 86 stones
 k - 2 boomerangs
 w - 4 poisoned darts
Armour
 b - a +0 leather armour (worn)
 e - a +0 robe
   (You found it on level 1 of the Dungeon)
 f - a +0 leather armour
   (You found it on level 1 of the Dungeon)
 i - a +0 leather armour
   (You found it on level 1 of the Dungeon)
 p - a +0 cloak (worn)
   (You found it on level 2 of the Dungeon)
 r - a +0 chain mail
   (You found it on level 2 of the Dungeon)
 v - a +0 chain mail
   (You took it off an orc on level 3 of the Dungeon)
 x - a +0 scale mail
   (You took it off Terence on level 3 of the Dungeon)
Jewellery
 s - an amulet of magic regeneration (around neck)
   (You found it on level 2 of the Dungeon)
Scrolls
 g - a scroll of amnesia {unknown}
 h - a scroll of teleportation {@r4}
 t - a scroll of enchant weapon {unknown}
Potions
 j - 2 potions of attraction {unknown}
 l - a potion of lignification
 m - 2 potions of haste {unknown}
 n - a potion of mutation
 o - a potion of magic {unknown}
 q - 2 potions of heal wounds {unknown}
 u - a potion of flight

Dungeon Overview and Level Annotations

Branches:
Dungeon (3/15)

Altars:
Sif Muna

#.# ####### #.# #......
##.## ####.##..#
.#######...###.#...#.##
..............#......#.
#######......#......##.
#.....##......#..
.#######......#......#..
...gglg@....##.#.....#..
...######..####.#....#..
#............##.
#..####.#.....#. #..#
#.......## #..#
#####....# .#. ###.. ..


You could see 3 gnolls and a frilled lizard.


Message History

You barely miss the gnoll. Your claw misses the gnoll.
The gnoll hits you with a +0 whip.
The gnoll shaman calls upon its god to heal the gnoll.
The gnoll's wounds heal themselves! 😕 HP[-6]
You take 6 damage, and now have 34/40 hp.
You slash the gnoll! The gnoll hits you with a +0 whip.
The gnoll shaman calls upon its god to heal the gnoll.
The gnoll is healed somewhat.
The gnoll hits you but does no damage. 😮 HP[-6]
You take 6 damage, and now have 28/40 hp.
You barely miss the gnoll. You closely miss the gnoll shaman.
Press: ? - help, Shift-Dir - straight line, f - gnoll shaman
Aim: a gnoll shaman, wielding a +0 club and wearing a +2 robe of willpower (chance to affect: 50%)
You fail to use your ability.
The gnoll shaman closely misses you.
Press: ? - help, Shift-Dir - straight line, f/p - gnoll shaman
Aim: a gnoll shaman, wielding a +0 club and wearing a +2 robe of willpower (chance to affect: 50%)
You fail to use your ability.
The gnoll shaman closely misses you.
Press: ? - help, Shift-Dir - straight line, f/p - gnoll shaman
Aim: a gnoll shaman, wielding a +0 club and wearing a +2 robe of willpower (chance to affect: 50%)
The gnoll shaman resists with some effort.
The gnoll shaman mumbles some strange prayers to its god against you.
You are outlined in light. 😮 MP[-4]
You lost 4 mp, and now have 1/5 mp.
You don't have enough magic at the moment.
You hit the gnoll shaman but do no damage.
The gnoll shaman hits you with a +0 club. 😮 HP[-4] MP[+1]
You take 4 damage, and now have 24/40 hp.
You hit the gnoll shaman but do no damage.
The gnoll shaman hits you but does no damage.
You hit the gnoll shaman but do no damage.
The gnoll shaman hits you with a +0 club.
* * * LOW HITPOINT WARNING * * *
😨 HP[-5] MP[+1]
You take 5 damage, and now have 19/40 hp.
You hit the gnoll shaman.
The gnoll shaman hits you with a +0 club!
* * * LOW HITPOINT WARNING * * *
The gnoll shaman misses you. 😨 HP[-7]
You take 7 damage, and now have 12/40 hp.
You don't have enough magic at the moment.
You barely miss the gnoll shaman.
The gnoll shaman barely misses you. 😨 MP[+1]
Press: ? - help, Shift-Dir - straight line, f/p - gnoll shaman
Aim: a gnoll shaman, wielding a +0 club and wearing a +2 robe of willpower (moderately wounded, chance to affect: 50%)
You fail to use your ability.
The gnoll shaman hits you with a +0 club.
* * * LOW HITPOINT WARNING * * *
😱 HP[-2]
You take 2 damage, and now have 10/40 hp.
Press: ? - help, Shift-Dir - straight line, f/p - gnoll shaman
Aim: a gnoll shaman, wielding a +0 club and wearing a +2 robe of willpower (moderately wounded, chance to affect: 50%)
You fail to use your ability.
The gnoll shaman hits you with a +0 club.
* * * LOW HITPOINT WARNING * * *
😱 HP[-1] MP[+1]
You take 1 damage, and now have 9/40 hp.
Your mp is fully restored (5).
Press: ? - help, Shift-Dir - straight line, f/p - gnoll shaman
Aim: a gnoll shaman, wielding a +0 club and wearing a +2 robe of willpower (moderately wounded, chance to affect: 50%)
You fail to use your ability.
The gnoll shaman calls upon its god to heal the gnoll.
The gnoll's wounds heal themselves!
Press: ? - help, Shift-Dir - straight line, f/p - gnoll shaman
Aim: a gnoll shaman, wielding a +0 club and wearing a +2 robe of willpower (moderately wounded, chance to affect: 50%)
You fail to use your ability.
The gnoll shaman hits you with a +0 club!
* * * LOW HITPOINT WARNING * * *
😱 HP[-8]
You take 8 damage, and now have 1/40 hp.
Press: ? - help, Shift-Dir - straight line, f/p - gnoll shaman
Aim: a gnoll shaman, wielding a +0 club and wearing a +2 robe of willpower (moderately wounded, chance to affect: 50%)
The gnoll shaman is devoured by a tear in reality.
Lugonu claims a new guest.
You have reached level 5!
You feel stronger. 😱 MP[-4]
You now have 46 max hp (+6).
You lost 4 mp, and now have 1/6 mp.
It was a potion of lignification.
You feel woody for a moment.
The gnoll barely misses you. 😱 MP[+1] It was a potion of flight.
You feel very buoyant.
You fly up into the air.
The gnoll completely misses you.
The frilled lizard hisses.
It was a potion of mutation.
You feel extremely strange.
Your body decomposes!
You feel weakened.
Your body decomposes!
You feel clumsy.
Your body decomposes!
You feel clumsy. The gnoll hits you with a +0 whip.
You die...

Skill      XL: |  1  2  3  4 |
---------------+-------------+-----
Dodging        | 1 |  1.0
Axes           | 2 |  2.8
Armour         | 2 |  2.8
Fighting       | 4 |  4.2
Invocations    | 3 |  3.2

Action                   |  1- 3 |  4- 6 || total
-------------------------+-------+-------++-------
Melee: Hand axe          |   108 |    63 ||   171
       Punch             |     1 |       ||     1
Throw: Dart              |       |     4 ||     4
Invok: Banish            |       |     2 ||     2
  Use: Scroll            |       |     1 ||     1
       Potion            |       |     3 ||     3
Armor: Leather armour    |    29 |    12 ||    41
Dodge: Dodged            |    66 |    43 ||   109

Levels and vault maps discovered:
D:1:      nagdon_arrival_zigzag_paths, layout_basic, minmay_split_cup_small
D:2:      layout_basic, dreamdust_ecumenical_altar_statues, basic_altar,
          kennysheep_generic_room_14
D:3:      layout_loops_ring, serial_shops, nicolae_shop_advertising_works
          [nicolae_subvault_shop_adworks], minmay_randomly_rotated_circles,
          uniq_terence

Notes
Turn   | Place    | Note
-------+----------+-------------------------------------------
     0 | Abyss:1  | spiderkeys the Ghoul Abyssal Knight began the quest for the
                  | Orb.
     0 | Abyss:1  | Reached XP level 1. HP: 19/19 MP: 1/1
     0 | Abyss:1  | magus.rc [v1.11.3]
     5 | D:1      | You pass through the gate.
     5 | D:1      | Escaped the Abyss
   107 | D:1      | HP: 4/19 [kobold/+0 short sword (3)]
   110 | D:1      | Reached skill level 1 in Dodging
   508 | D:1      | Reached XP level 2. HP: 22/26 MP: 2/2
   510 | D:1      | Reached skill level 2 in Axes
   510 | D:1      | Reached skill level 2 in Armour
  1085 | D:2      | Found a faded altar of an unknown god.
  1116 | D:2      | Reached XP level 3. HP: 26/33 MP: 3/3
  1483 | D:2      | You pick up a book of Armaments and begin reading...
  1483 | D:2      | You add the spells Stone Arrow, Animate Armour and
                  | Lehudib's Crystal Spear to your library.
  1562 | D:2      | Reached *** piety under Lugonu
  1563 | D:2      | Reached XP level 4. HP: 28/40 MP: 5/5
  1694 | D:2      | Found a shimmering blue altar of Sif Muna.
  1989 | D:3      | Noticed Terence
  2000 | D:3      | Killed Terence
  2001 | D:3      | Reached skill level 4 in Fighting
  2001 | D:3      | Reached skill level 3 in Invocations
  2299 | D:3      | HP: 10/40 [gnoll shaman/+0 club (2)]
  2302 | D:3      | HP: 1/40 [gnoll shaman/+0 club (8)]
  2304 | D:3      | Reached XP level 5. HP: 1/46 MP: 1/6
  2306 | D:3      | Slain by a gnoll

Vanquished Creatures
  Terence (D:3)
  3 adders
  2 dart slugs
  A worm (D:2)
  2 orcs (D:3)
  4 ball pythons
  10 endoplasms
  8 goblins
  A hobgoblin (D:1)
  4 kobolds
  3 quokkas
  2 bats
  5 frilled lizards
  5 rats
51 creatures vanquished.

Table legend:
 A = Non-vault XP
 B = Vault XP
 C = Vault XP percentage of total XP
 D = Non-vault monster count
 E = Vault monster count
 F = Vault count percentage of total count
                 A         B        C        D         E       F
            +---------+---------+-------+---------+---------+-------
      Total |     134 |      66 |  33.0 |      40 |      12 |  23.1
            +---------+---------+-------+---------+---------+-------
        D:1 |      21 |       6 |  22.2 |      13 |       3 |  18.8
        D:2 |      63 |       3 |   4.5 |      21 |       2 |   8.7
        D:3 |      50 |      57 |  53.3 |       6 |       7 |  53.8
            +---------+---------+-------+---------+---------+-------

Illustrated notes

Table legend:
 A = Kills in this place as a percentage of kills in entire the game.
 B = Kills by you in this place as a percentage of kills by you in the entire game.
 C = Kills by friends in this place as a percentage of kills by friends in the entire game.
 D = Other kills in this place as a percentage of other kills in the entire game.
 E = Experience gained in this place as a percentage of experience gained in the entire game.
 F = Experience gained in this place divided by the number of levels of this place that you have seen.
                   A       B       C       D       E      F
               +-------+-------+-------+-------+-------+----------------------
         Total | 100.0 | 100.0 |   N/A | 100.0 | 100.0 |  50.0
       Dungeon | 100.0 | 100.0 |   N/A | 100.0 | 100.0 |  66.7
               +-------+-------+-------+-------+-------+----------------------

Table legend: (Time is in decaauts)
 A = Elapsed time spent in this place.
 B = Non-inter-level travel time spent in this place.
 C = Inter-level travel time spent in this place.
 D = Time resting spent in this place.
 E = Time spent auto-exploring this place.
 F = Levels seen in this place.
 G = Mean time per level.
                   A        B        C        D        E       F      G
               +--------+--------+--------+--------+--------+-----+--------+
         Total |   2337 |   2311 |     26 |      0 |   1934 |   4 |  584.2 |
       Dungeon |   2332 |   2306 |     26 |      0 |   1934 |   3 |  777.3 |
         Abyss |      5 |      5 |      0 |      0 |      0 |   1 |    5.0 |
               +--------+--------+--------+--------+--------+-----+--------+

Top non-repeatable levels by time:
     D:1: 1090 daAuts
     D:2: 897 daAuts
     D:3: 344 daAuts
 Abyss:1: 5 daAuts
